 Dungeon Crawl Stone Soup version 0.28.0-53-g5a82cb258f (webtiles) character file.

Game seed: 14846488606392736869

116 styxcanada the Sneak (level 4, 0/23 HPs)
             Began as a Spriggan Brigand on Aug 6, 2022.
             Succumbed to an adder's poison
             ... on level 3 of the Dungeon.
             The game lasted 00:06:45 (2329 turns).

styxcanada the Sneak (Spriggan Brigand)             Turns: 2329, Time: 00:06:46

Health: 0/23       AC:  3    Str:  7    XL:     4   Next: 69%
Magic:  6/6        EV: 17    Int: 12    God:
Gold:   43         SH:  5    Dex: 18    Spells: 3/5 levels left

rFire   . . .      SeeInvis +   a - +2 dagger
rCold   . . .      Faith    .   (no shield)
rNeg    . . .      Spirit   .   b - +0 robe
rPois   .          Reflect  +   (helmet restricted)
rElec   .          Harm     .   c - +0 cloak
rCorr   .          Rampage  .   (gloves unavailable)
Will    .....                   (boots unavailable)
Stlth   ++++......              o - amulet of reflection
HPRegen 0.07/turn               (no ring)
MPRegen 0.10/turn               (no ring)

@: lethally poisoned (0 -> -7), very quick
A: very small, no large weapons, unfitting armour, see invisible, speed 3
a: no special abilities


You were on level 3 of the Dungeon.
You visited 1 branch of the dungeon, and saw 3 of its levels.

You collected 43 gold pieces.

Inventory:

Hand Weapons
 a - a +2 dagger (weapon)
Missiles
 d - 8 poisoned darts (quivered)
 e - 2 curare-tipped darts
 j - 12 stones
Armour
 b - a +0 robe (worn)
 c - a +0 cloak (worn)
 g - a scarf of resistance
Jewellery
 o - an amulet of reflection (around neck)
Scrolls
 f - a scroll of immolation
 h - a scroll of enchant weapon {unknown}
 k - 4 scrolls of teleportation {unknown}
 l - 2 scrolls of silence {unknown}
 n - a scroll of identify {unknown}
Potions
 i - a potion of curing {unknown}
 m - 2 potions of heal wounds {unknown}
 p - a potion of brilliance {unknown}


   Skills:
 * Level 2.0 Fighting
 + Level 2.8 Short Blades
 + Level 2.3 Throwing
 * Level 2.2 Dodging
 * Level 7.7 Stealth
 * Level 1.0 Spellcasting
 * Level 0.1 Fire Magic


You had 3 spell levels left.
You knew the following spells:

 Your Spells              Type           Power      Damage    Failure   Level
a - Scorch                Fire           0%         2d5       41%         2

Your spell library contained the following spells:

 Spells                   Type           Power      Damage    Failure   Level
 Flame Wave               Conj/Fire      0%         2d4       96%         4
 Summon Cactus Giant      Summ           0%         N/A       100%        6


Dungeon Overview and Level Annotations

Branches:
Dungeon (3/15)

Altars:
Cheibriados
Vehumet

Shops:
D:1 [


Innate Abilities, Weirdness & Mutations

You are very small and have problems with some larger weapons.
You are too small for most types of armour.
You have supernaturally acute eyesight. (SInv)
You cover ground extremely quickly. (Speed+++)


Message History

You feel sick. The adder misses you.
You barely miss the adder.
The adder is severely wounded.
You feel sick. The adder closely misses you.
You hit the adder.
The adder is almost dead.
You feel sick. The adder bites you.
You barely miss the adder.
The adder is almost dead.
You feel sick. The adder barely misses you.
You hit the adder.
You kill the adder!
You feel sick. You block the adder's attack.
Your Spellcasting skill increases to level 1!
You hit the adder.
The adder is moderately wounded.
You feel sick.
You are no longer poisoned.
The adder bites you.
You are poisoned.
The adder poisons you!
You hit the adder.
The adder is heavily wounded.
You feel sick. The adder closely misses you.
You hit the adder.
The adder is almost dead.
You feel sick. The adder bites you but does no damage.
You hit the adder but do no damage.
The adder is almost dead.
You feel sick. The adder bites you.
* * * LOW HITPOINT WARNING * * *
You are lethally poisoned!
The adder poisons you!
You hit the adder.
The adder is almost dead.
* * * LOW HITPOINT WARNING * * *
You feel sick. The adder closely misses you.
You hit the adder.
You kill the adder!
You die...

##############..#
#.........##....##
#.###.###.##.#...#
#..# #....###'###
#..###^####.....##
#......# #.......#
#.##.### #.......#
#.##.# +..._...'
#@##.. #.......#
#†# #.. #.......#
... ... ##.....##
..... ....
###+####
###.#####... #..
### .


There were no monsters in sight!

Vanquished Creatures
  An orc wizard (D:2)
  A gnoll (D:1)
  5 adders
  A worm (D:3)
  A dart slug (D:1)
  2 orcs (D:2)
  2 endoplasms (D:2)
  6 goblins
  6 hobgoblins (D:1)
  3 kobolds
  A quokka (D:1)
  3 ball pythons (D:1)
  4 bats
  2 frilled lizards
  5 rats
43 creatures vanquished.

Notes
Turn   | Place    | Note
-------+----------+-------------------------------------------
     0 | D:1      | styxcanada the Spriggan Brigand began the quest for the
                  | Orb.
     0 | D:1      | Reached XP level 1. HP: 10/10 MP: 2/2
    22 | D:1      | Found Began's Antique Armour Boutique.
    55 | D:1      | Reached skill level 6 in Stealth
    71 | D:1      | Reached XP level 2. HP: 14/14 MP: 3/3
   376 | D:1      | Found a faded altar of an unknown god.
   400 | D:1      | Reached skill level 7 in Stealth
   408 | D:1      | Reached XP level 3. HP: 7/18 MP: 4/4
  1281 | D:2      | Reached XP level 4. HP: 10/23 MP: 5/5
  1983 | D:2      | Learned a level 2 spell: Scorch
  2098 | D:3      | Found a snail-covered altar of Cheibriados.
  2280 | D:3      | Found a radiant altar of Vehumet.
  2324 | D:3      | Reached skill level 1 in Spellcasting
  2328 | D:3      | HP: 1/23 [poisoned by an adder]
  2329 | D:3      | Succumbed to an adder's poison

Illustrated notes

Levels and vault maps discovered:
D:1:      elethiomel_arrival_maze, layout_rooms,
          hellmonk_ecumenical_altar_blasted, serial_shops, shop,
          chequers_serial_rivers_large_a, hangedman_feature_mirror
D:2:      layout_basic
D:3:      layout_loops_ring, nicolae_vehumet_altar_sigil, slow_altar_1,
          cheibrodos_sewer_entry_sluice

Skill      XL: |  1  2  3  4 |
---------------+-------------+-----
Stealth        | 6 7 |  7.7
Dodging        | 2 |  2.2
Fighting       | 2 |  2.0
Spellcasting   | 1 |  1.0
Short Blades   | |  2.8
Throwing       | |  2.3
Fire Magic     | |  0.1

Action                   |  1- 3 |  4- 6 || total
-------------------------+-------+-------++-------
Melee: Dagger            |    78 |    40 ||   118
       Punch             |     1 |     1 ||     2
Throw: Dart              |    16 |    12 ||    28
 Stab: Sleeping          |     5 |     3 ||     8
       Distracted        |       |     1 ||     1
Armor: Robe              |    13 |     1 ||    14
Dodge: Dodged            |    55 |    19 ||    74
Block: Other             |       |     4 ||     4
